 Dungeon Crawl Stone Soup version 0.29-a0-67-g1d65ae1bb4 (webtiles) character file.

Game seed: 2074089144844601835

27 Bosse the Magician (level 2, -1/19 HPs)
             Began as a Demonspawn Hedge Wizard on Feb 3, 2022.
             Slain by Terence (2 damage)
             ... on level 2 of the Dungeon.
             The game lasted 00:01:59 (1253 turns).

Bosse the Magician (Demonspawn Hedge Wizard)        Turns: 1253, Time: 00:02:00

Health: -1/19      AC:  2    Str: 10    XL:     2   Next: 93%
Magic:  1/6        EV: 12    Int: 15    God:
Gold:   34         SH:  0    Dex: 12    Spells: 7/8 levels left

rFire   . . .      SeeInvis .   a - +0 dagger
rCold   . . .      Faith    .   (no shield)
rNeg    . . .      Spirit   .   b - +0 robe
rPois   .          Reflect  .   c - +0 hat
rElec   .          Harm     .   (no cloak)
rCorr   .          Rampage  .   (no gloves)
Will    .....                   (no boots)
Stlth   ++........              (no amulet)
HPRegen 0.06/turn               (no ring)
MPRegen 0.10/turn               (no ring)

@: no status effects
A: demonic magic 1
a: no special abilities


You were on level 2 of the Dungeon.
You visited 1 branch of the dungeon, and saw 2 of its levels.

You collected 34 gold pieces.

Inventory:

Hand Weapons
 a - a +0 dagger (weapon)
Armour
 b - a +0 robe (worn)
 c - a +0 hat (worn)
Scrolls
 d - a scroll of teleportation {unknown}
 e - a scroll of immolation {unknown}
Potions
 f - a potion of flight {unknown}
 g - a potion of haste {unknown}


   Skills:
 + Level 0.2 Short Blades
 + Level 2.0 Dodging
 + Level 2.2 Stealth
 + Level 3.5 Spellcasting
 + Level 1.1 Conjurations
 + Level 1.0 Summonings
 + Level 0.8 Translocations


You had 7 spell levels left.
You knew the following spells:

 Your Spells              Type           Power      Damage    Failure   Level
a - Magic Dart            Conj           24%        1d4       12%         1

Your spell library contained the following spells:

 Spells                   Type           Power      Damage    Failure   Level
 Slow                     Hex            8%         N/A       19%         1
 Call Imp                 Summ           5%         N/A       19%         2
 Blink                    Tloc           10%        N/A       21%         2
 Conjure Flame            Conj/Fire      4%         6-21      41%         3
 Mephitic Cloud           Conj/Pois/Air  3%         N/A       43%         3


Dungeon Overview and Level Annotations

Branches:
Dungeon (2/15)

Altars:

Annotations:
D:2 Terence


Innate Abilities, Weirdness & Mutations

Spells you cast may paralyse adjacent enemies.


Message History

The ball python closely misses you. The ball python grabs you.
The ball python constricts you.
You hit the ball python.
You kill the ball python!
Terence hits you with a +0 mace.
You hit Terence but do no damage.
Terence is severely wounded.
Terence hits you with a +0 mace.
Your magical contamination has completely faded away.
The magic dart hits Terence.
Terence is almost dead.
Malevolent energies surge around you. Terence completely misses you.
A hobgoblin comes into view. It is wielding a +0 dagger.
You are too depleted to draw on your mana recklessly!
You hit Terence but do no damage.
Terence is almost dead.
Terence closely misses you.
You barely miss Terence.
Terence is almost dead.
Terence closely misses you.
You barely miss Terence.
Terence is almost dead.
Terence hits you with a +0 mace.
You are too injured to fight recklessly!
You are too injured to fight recklessly!
You hit Terence but do no damage.
Terence is almost dead.
Terence barely misses you.
You hit Terence but do no damage.
Terence is almost dead.
Terence hits you with a +0 mace!
* * * LOW HITPOINT WARNING * * *
The worm barely misses you.
You hit Terence.
Terence is almost dead.
Terence closely misses you.
You completely miss Terence.
Terence is almost dead.
Terence hits you with a +0 mace.
You die...

###.(.##.# ##
#...# .# #.#.##.#
#......# ##
###.#### .. #..##
.# .# #.#.##
.##.##.
..###.####g......
#.# ##...@@...#
## #.#.##w#..#
#.##.# ... ...
#.# #.# ..... .
#. #.# .#..## #
#.# ...... #.. ..
.### .## .. .. .


You could see Terence, a worm and a hobgoblin.

Vanquished Creatures
  3 endoplasms (D:2)
  A giant cockroach (D:1)
  2 goblins
  A hobgoblin (D:1)
  4 jackals (D:1)
  2 quokkas (D:1)
  4 ball pythons
  2 frilled lizards
  3 kobolds (D:1)
  3 rats (D:2)
25 creatures vanquished.

Vanquished Creatures (others)
  8 plants (D:2)
  12 withered plants (D:2)
20 creatures vanquished.

Grand Total: 45 creatures vanquished

Notes
Turn   | Place    | Note
-------+----------+-------------------------------------------
     0 | D:1      | Bosse the Demonspawn Hedge Wizard began the quest for the
                  | Orb.
     0 | D:1      | Reached XP level 1. HP: 13/13 MP: 4/4
   524 | D:1      | Gained mutation: Spells you cast may paralyse adjacent
                  | enemies. [demonic ancestry]
   524 | D:1      | Reached XP level 2. HP: 14/19 MP: 1/6
  1231 | D:2      | Noticed Terence
  1253 | D:2      | Slain by Terence

Illustrated notes

Levels and vault maps discovered:
D:1:      amcnicky_arrival_wind_blow, layout_basic, interstate_on_off
D:2:      layout_loops_cross, shapermc_ecumenical_altar_flowoftime,
          minmay_pentomino_r4, uniq_jessica, uniq_terence

Skill      XL: |  1  2 |
---------------+-------+-----
Stealth        | 2 |  2.2
Dodging        | 2 |  2.0
Short Blades   | |  0.2
Spellcasting   | |  3.5
Conjurations   | |  1.1
Summonings     | |  1.0
Translocations | |  0.8

Action                   || total
-------------------------++-------
Melee: Dagger            ||    62
       Punch             ||     1
 Cast: Magic Dart        ||    47
 Stab: Paralysed         ||     6
Armor: Robe              ||    12
Dodge: Dodged            ||    56

Table legend: (Time is in decaauts)
 A = Elapsed time spent in this place.
 B = Non-inter-level travel time spent in this place.
 C = Inter-level travel time spent in this place.
 D = Time resting spent in this place.
 E = Time spent auto-exploring this place.
 F = Levels seen in this place.
 G = Mean time per level.
                   A        B        C        D        E       F      G
               +--------+--------+--------+--------+--------+-----+--------+
         Total |   1252 |   1234 |     18 |      0 |   1070 |   2 |  626.0 |
       Dungeon |   1252 |   1234 |     18 |      0 |   1070 |   2 |  626.0 |
               +--------+--------+--------+--------+--------+-----+--------+

Top non-repeatable levels by time:
     D:1: 1009 daAuts
     D:2: 243 daAuts
